 Dungeon Crawl Stone Soup version 0.26-a0-683-g5206c1d7ac (webtiles) character file.

Game seed: 11860184111730579813

31017 robertstho the Destroyer (level 13, -2/99 HPs)
             Began as a Gnoll Conjurer on Oct 22, 2020.
             Was an Elder of Sif Muna.
             Slain by a black mamba (12 damage)
             ... on level 2 of the Lair of Beasts.
             The game lasted 00:55:11 (21326 turns).

robertstho the Destroyer (Gnoll Conjurer)          Turns: 21326, Time: 00:55:12

Health: -2/99      AC:  5    Str: 16    XL:     13   Next: 55%
Magic:  22/26      EV: 20    Int: 25    God:    Sif Muna [****..]
Gold:   284        SH:  0    Dex: 20    Spells: 12/31 levels left

rFire    . . .     SeeInvis .   P - staff of conjuration
rCold    . . .     Faith    .   (no shield)
rNeg     . . .     Spirit   .   a - +0 robe
rPois    .         Reflect  .   G - +0 helmet
rElec    .         Harm     .   s - scarf {repulsion}
rCorr    .         Rampage  .   e - +0 pair of gloves
MR       .....                  (no boots)
Stlth    +++++.....             (no amulet)
HPRegen  0.26/turn              p - +6 ring of strength
MPRegen  0.20/turn              z - +6 ring of dexterity

@: frozen ramparts, repel missiles
A: distributed training, fangs 1, strong nose
a: Channel Magic, Forget Spell, Divine Exegesis, Renounce Religion


You were on level 2 of the Lair of Beasts.
You worshipped Sif Muna.
Sif Muna was greatly pleased with you.
You visited 2 branches of the dungeon, and saw 15 of its levels.
You also visited: Ossuary.

You collected 909 gold pieces.
You spent 625 gold pieces at shops.

Inventory:

Hand Weapons
 u - a +0 dagger of venom
 B - a +4 great sword of freezing
 K - a +4 scimitar
Missiles
 o - 5 javelins (quivered)
 I - 2 curare-tipped darts
 R - 18 poisoned darts
Armour
 a - a +0 robe (worn)
 e - a +0 pair of gloves (worn)
 s - a scarf of repulsion (worn)
 G - a +0 helmet (worn)
Magical Staves
 P - an uncursed staff of conjuration (weapon)
Jewellery
 b - an uncursed ring of protection from magic
 p - a +6 ring of strength (left hand)
 x - an uncursed ring of flight
 z - a +6 ring of dexterity (right hand)
 J - an uncursed ring of protection from magic
 O - an uncursed ring of positive energy
Wands
 w - a wand of digging (3)
 T - a wand of disintegration (14)
Scrolls
 c - 3 scrolls of enchant weapon
 d - 5 scrolls of fear
 g - 10 scrolls of teleportation
 j - 2 scrolls of immolation
 m - 7 scrolls of remove curse
 r - 3 scrolls of identify
 v - 2 scrolls of enchant armour
 y - a scroll of fog
 D - 4 scrolls of magic mapping
 H - 3 scrolls of holy word
 M - a scroll of silence
 S - 3 scrolls of amnesia
Potions
 f - 2 potions of ambrosia
 h - 6 potions of curing
 i - a potion of mutation
 k - a potion of heal wounds
 l - 3 potions of cancellation
 n - 2 potions of might
 q - 3 potions of flight
 t - a potion of lignification
 A - 5 potions of haste
 C - 2 potions of stabbing
 E - 3 potions of magic
 F - 4 potions of brilliance
 L - 3 potions of invisibility
Miscellaneous
 N - a lightning rod (4/4)
 Q - a phantom mirror


   Skills:
 + Level 8.4 Fighting
 + Level 8.4 Short Blades
 + Level 8.4 Long Blades
 + Level 8.4 Axes
 + Level 8.4 Maces & Flails
 + Level 8.4 Polearms
 + Level 8.4 Staves
 + Level 8.4 Slings
 + Level 8.4 Bows
 + Level 8.4 Crossbows
 + Level 8.4 Throwing
 + Level 8.4 Armour
 + Level 9.6 Dodging
 + Level 9.4 Stealth
 + Level 8.4 Shields
 + Level 8.4 Unarmed Combat
 + Level 9.8 Spellcasting
 + Level 10.0 Conjurations
 + Level 7.0 Hexes
 + Level 7.0 Summonings
 + Level 7.0 Necromancy
 + Level 7.0 Translocations
 + Level 7.0 Transmutations
 + Level 7.0 Fire Magic
 + Level 7.0 Ice Magic
 + Level 7.0 Air Magic
 + Level 7.0 Earth Magic
 + Level 7.0 Poison Magic
 + Level 9.2 Invocations
 + Level 8.4 Evocations


You had 12 spell levels left.
You knew the following spells:

 Your Spells              Type           Power        Failure   Level
a - Magic Dart            Conj           ####         1%          1
b - Searing Ray           Conj           ######       1%          2
c - Dazzling Flash        Conj/Hex       ######       1%          3
d - Fulminant Prism       Conj/Hex       ######....   1%          4
e - Iskenderun's Mystic   Conj/Tloc      ######..     1%          4
f - Wereblood             Tmut           #####...     1%          2
g - Frozen Ramparts       Ice            #####.       1%          3

Your spell library contained the following spells:

 Spells                   Type           Power        Failure   Level
 Beastly Appendage        Tmut           #####.       1%          1
 Freeze                   Ice            ####         1%          1
 Sandblast                Erth           #####.       1%          1
 Passwall                 Tmut/Erth      #####...     1%          2
 Confusing Touch          Hex            #####...     1%          3
 Gell's Gravitas          Tloc           #####.....   1%          3
 Ozocubu's Armour         Ice            #####...     1%          3
 Spider Form              Tmut/Pois      #####.....   1%          3
 Stone Arrow              Conj/Erth      ######       1%          3
 Hailstorm                Conj/Ice       ######..     1%          4
 Ice Form                 Ice/Tmut       #####...     2%          4
 Petrify                  Tmut/Erth      #####...     2%          4
 Summon Ice Beast         Ice/Summ       #####...     2%          4
 Blade Hands              Tmut           #####.....   8%          5
 Lee's Rapid Deconstruct  Erth           #####.....   8%          5
 Metabolic Englaciation   Hex/Ice        #####.....   8%          5
 Yara's Violent Unravell  Hex/Tmut       #####.....   8%          5


Dungeon Overview and Level Annotations

Branches:
Dungeon (12/15)            Temple (0/1) D:4            Lair (3/6) D:9
 Shoals (0/4) Lair:2          Orc (0/2) D:10        Ossuary (visited)
  Snake: Lair:2-4    Spider: Lair:2-4

Altars:
Elyvilon
Fedhas
Qazlal
Sif Muna

Shops:
D:11 [?}:!

Annotations:
Lair:3 3 runed translucent doors


Innate Abilities, Weirdness & Mutations

Your experience applies equally to all skills.
You have very sharp teeth.
Your uncanny sense of smell can sniff out nearby items.


Message History

Cornered, the black mamba turns to fight!
The wall freezes the elephant!
Your attack snaps the elephant out of its fear.
The wall freezes the black mamba. x2; The black mamba seems to slow down.
The wall freezes the black mamba.
The black mamba is no longer moving slowly.
The wall freezes the black mamba.
The black mamba seems to slow down.
The wall freezes the black mamba!
The black mamba seems to slow down.
The wall freezes the black mamba.
The black mamba seems to slow down.
The black mamba barely misses you.
Casting: Frozen Ramparts (safe; 1% risk of failure)
Confirm with . or Enter, or press ? or * to list all spells.
Aiming: Searing Ray (safe; 1% risk of failure)
Press: ? - help, Shift-Dir - straight line, f - black mamba
Aim: a black mamba (heavily wounded, slow)
You feel a surge of power!
The searing ray hits the black mamba!
The black mamba is heavily wounded. (Press . to maintain the ray.)
The wall freezes the black mamba!
The black mamba bites you!
You die...

.......## #....
........#### ##...
...........### #...
..........P#.###### #...
.........Y.>......## ##..
#.......##..#.#....# ##.
#.......##..####..## #.#
#.....####..###.S.# ###
##.....# #...###@.##
#....## #..###....####
#....# #..####..###.###
##....####..P##.........#
#.......................#
#...#.#.##..P###....#####
#...####.#...#......#
##..# ###......P....# ###
#### #..###P............#
####.###..#


You could see a black mamba (slow).

Vanquished Creatures
  2 hydras (D:11)
  A boulder beetle (D:11)
  4 two-headed ogres
  9 death yaks
  A tengu warrior (D:10)
  A lindwurm (Lair:1)
  Pikel (D:7)
  2 cyclopes (D:11)
  An elephant (Lair:3)
  A black mamba (Lair:1)
  A centaur zombie (D:10)
  2 gargoyles
  3 cane toads
  2 komodo dragons
  A yaktaur (shapeshifter) (D:12)
  2 trolls
  A hornet (Lair:2)
  Grinder (D:3)
  7 slime creatures
  5 blink frogs (Lair:1)
  3 wyverns (D:9)
  A wraith (Ossuary)
  17 yaks
  2 basilisks
  Eustachio (D:4)
  13 water moccasins
  6 orc warriors
  7 ice beasts
  3 black bears
  A sky beast (D:9)
  A necrophage (D:7)
  4 phantoms
  4 ogres
  8 wolves
  7 centaurs
  3 lemures (D:7)
  2 big kobolds
  13 bullfrogs
  3 scorpions
  A water moccasin skeleton (D:10)
  7 killer bees
  13 wights
  3 howler monkeys
  A crimson imp (D:5)
  5 hounds
  A quasit (D:10)
  A bullfrog skeleton (D:10)
  3 jellies
  7 orc priests
  Crazy Yiuf (D:2)
  10 orc wizards
  2 centaur skeletons
  4 iguanas
  Ijyb (D:5)
  Natasha (thrice) (D:3)
  7 worker ants
  2 hound skeletons
  A mummy (Ossuary)
  3 worker ant zombies
  2 howler monkey zombies (D:10)
  Robin (D:2)
  10 adders
  2 gnolls (D:1)
  5 shadow imps
  5 white imps
  2 oozes
  2 adder skeletons
  2 worms (D:3)
  5 dart slugs
  6 leopard geckos
  59 orcs
  9 giant cockroaches
  13 hobgoblins
  5 jackals
  2 quokkas
  2 ball pythons
  7 bats
  A frilled lizard (D:2)
  3 gnoll skeletons (Ossuary)
  16 goblins
  15 kobolds
  9 kobold skeletons (Ossuary)
  13 orc skeletons (Ossuary)
  2 quokka zombies (D:6)
  6 rats
427 creatures vanquished.

Vanquished Creatures (others)
  2 bushes (D:9)
  273 fulminant prisms
  23 fungi
  57 plants
355 creatures vanquished.

Grand Total: 782 creatures vanquished

Notes
Turn   | Place    | Note
-------+----------+-------------------------------------------
     0 | D:1      | robertstho the Gnoll Conjurer began the quest for the Orb.
     0 | D:1      | Reached XP level 1. HP: 13/13 MP: 6/6
    99 | D:1      | Reached XP level 2. HP: 16/20 MP: 0/7
   320 | D:1      | Reached skill level 5 in Spellcasting
   320 | D:1      | Reached XP level 3. HP: 25/25 MP: 0/9
   549 | D:1      | Reached skill level 1 in Invocations
  1033 | D:1      | Reached skill level 1 in Fighting
  1033 | D:1      | Reached skill level 1 in Short Blades
  1033 | D:1      | Reached skill level 1 in Long Blades
  1033 | D:1      | Reached skill level 1 in Axes
  1033 | D:1      | Reached skill level 1 in Maces & Flails
  1033 | D:1      | Reached skill level 1 in Polearms
  1033 | D:1      | Reached skill level 1 in Staves
  1033 | D:1      | Reached skill level 1 in Slings
  1033 | D:1      | Reached skill level 1 in Bows
  1033 | D:1      | Reached skill level 1 in Crossbows
  1033 | D:1      | Reached skill level 1 in Throwing
  1033 | D:1      | Reached skill level 1 in Armour
  1033 | D:1      | Reached skill level 1 in Shields
  1033 | D:1      | Reached skill level 1 in Unarmed Combat
  1033 | D:1      | Reached skill level 1 in Evocations
  1345 | D:2      | Found a runed translucent door.
  1346 | D:2      | Noticed Crazy Yiuf
  1373 | D:2      | Learned a level 2 spell: Searing Ray
  1377 | D:2      | Learned a level 3 spell: Dazzling Flash
  1411 | D:2      | Reached XP level 4. HP: 32/32 MP: 9/11
  1744 | D:2      | Noticed Robin
  1866 | D:1      | Learned a level 4 spell: Fulminant Prism
  1975 | D:2      | Killed Robin
  1975 | D:2      | Reached skill level 1 in Hexes
  1975 | D:2      | Reached skill level 1 in Summonings
  1975 | D:2      | Reached skill level 1 in Necromancy
  1975 | D:2      | Reached skill level 1 in Translocations
  1975 | D:2      | Reached skill level 1 in Transmutations
  1975 | D:2      | Reached skill level 1 in Fire Magic
  1975 | D:2      | Reached skill level 1 in Ice Magic
  1975 | D:2      | Reached skill level 1 in Air Magic
  1975 | D:2      | Reached skill level 1 in Earth Magic
  1975 | D:2      | Reached skill level 1 in Poison Magic
  2547 | D:2      | Killed Crazy Yiuf
  2547 | D:2      | Reached XP level 5. HP: 37/37 MP: 8/12
  2628 | D:3      | Noticed Natasha
  2633 | D:3      | Killed Natasha
  2651 | D:3      | Noticed Natasha
  2654 | D:3      | Killed Natasha
  2791 | D:2      | Learned a level 4 spell: Iskenderun's Mystic Blast
  2854 | D:3      | Noticed Grinder
  2945 | D:3      | Found a faded altar of an unknown god.
  2965 | D:3      | Reached XP level 6. HP: 25/44 MP: 8/13
  3239 | D:3      | Found a white marble altar of Elyvilon.
  3281 | D:3      | Paralysed by Grinder for 7 turns
  3553 | D:3      | Killed Grinder
  3553 | D:3      | Reached skill level 5 in Dodging
  3553 | D:3      | Reached XP level 7. HP: 50/50 MP: 1/15
  3764 | D:3      | Noticed Natasha
  3768 | D:3      | Killed Natasha
  4058 | D:4      | Found a shimmering blue altar of Sif Muna.
  4058 | D:4      | Found a blossoming altar of Fedhas.
  4063 | D:4      | Found a faded altar of an unknown god.
  4066 | D:4      | Became a worshipper of Sif Muna the Loreminder
  4184 | D:4      | Found a stormy altar of Qazlal.
  4186 | D:4      | Found a faded altar of an unknown god.
  4346 | D:4      | Noticed Eustachio
  4359 | D:4      | Killed Eustachio
  4359 | D:4      | Reached skill level 5 in Stealth
  4696 | D:4      | Found a staircase to the Ecumenical Temple.
  5415 | D:5      | Entered Level 5 of the Dungeon
  5421 | D:5      | Reached XP level 8. HP: 57/57 MP: 3/16
  5464 | D:5      | Noticed Ijyb
  5564 | D:5      | Reached * piety under Sif Muna
  5990 | D:5      | Killed Ijyb
  6852 | D:6      | Found a sand-covered staircase.
  6864 | Ossuary  | Entered an ossuary
  6864 | Ossuary  | Noticed a wraith
  6864 | Ossuary  | Noticed a wraith
  6864 | Ossuary  | Noticed a wraith
  7057 | Ossuary  | Noticed a wraith
  7087 | Ossuary  | Killed a wraith
  7087 | Ossuary  | Reached XP level 9. HP: 16/65 MP: 15/18
  7347 | Ossuary  | Reached ** piety under Sif Muna
  8617 | D:3      | Learned a level 2 spell: Wereblood
  9141 | D:7      | Reached skill level 8 in Conjurations
  9566 | D:7      | Noticed Pikel
  9603 | D:7      | Killed Pikel
  9603 | D:7      | Reached skill level 5 in Invocations
 10232 | D:8      | Reached XP level 10. HP: 73/73 MP: 15/20
 10800 | D:8      | Reached skill level 5 in Fighting
 10800 | D:8      | Reached skill level 5 in Short Blades
 10800 | D:8      | Reached skill level 5 in Long Blades
 10800 | D:8      | Reached skill level 5 in Axes
 10800 | D:8      | Reached skill level 5 in Maces & Flails
 10800 | D:8      | Reached skill level 5 in Polearms
 10800 | D:8      | Reached skill level 5 in Staves
 10800 | D:8      | Reached skill level 5 in Slings
 10800 | D:8      | Reached skill level 5 in Bows
 10800 | D:8      | Reached skill level 5 in Crossbows
 10800 | D:8      | Reached skill level 5 in Throwing
 10800 | D:8      | Reached skill level 5 in Armour
 10800 | D:8      | Reached skill level 5 in Shields
 10800 | D:8      | Reached skill level 5 in Unarmed Combat
 10800 | D:8      | Reached skill level 5 in Evocations
 11799 | D:9      | Reached *** piety under Sif Muna
 12464 | D:9      | Found a staircase to the Lair.
 13253 | D:9      | Reached XP level 11. HP: 81/81 MP: 18/22
 13374 | D:10     | Entered Level 10 of the Dungeon
 13384 | D:10     | Noticed a two-headed ogre
 13542 | D:10     | Noticed a two-headed ogre
 13555 | D:9      | Killed a two-headed ogre
 13555 | D:9      | Reached skill level 5 in Hexes
 13555 | D:9      | Reached skill level 5 in Summonings
 13555 | D:9      | Reached skill level 5 in Necromancy
 13555 | D:9      | Reached skill level 5 in Translocations
 13555 | D:9      | Reached skill level 5 in Transmutations
 13555 | D:9      | Reached skill level 5 in Fire Magic
 13555 | D:9      | Reached skill level 5 in Ice Magic
 13555 | D:9      | Reached skill level 5 in Air Magic
 13555 | D:9      | Reached skill level 5 in Earth Magic
 13555 | D:9      | Reached skill level 5 in Poison Magic
 13659 | D:10     | Killed a two-headed ogre
 13659 | D:10     | Reached **** piety under Sif Muna
 14478 | D:10     | Found a staircase to the Orcish Mines.
 14741 | D:10     | Noticed a tengu warrior
 14872 | D:10     | Noticed a two-headed ogre
 14899 | D:10     | Killed a two-headed ogre
 14899 | D:10     | Reached skill level 9 in Conjurations
 15179 | D:10     | Killed a tengu warrior
 15929 | D:11     | Learned a level 3 spell: Frozen Ramparts
 16079 | D:11     | Found Juneac's Armour Boutique.
 16080 | D:11     | Found Faukaz's Magic Scroll Emporium.
 16091 | D:11     | Bought a scroll of identify for 30 gold pieces
 16091 | D:11     | Bought a scroll of identify for 30 gold pieces
 16091 | D:11     | Bought a scroll of teleportation for 45 gold pieces
 16091 | D:11     | Bought a scroll of holy word for 112 gold pieces
 16091 | D:11     | Bought a scroll of identify for 30 gold pieces
 16091 | D:11     | Bought a scroll of silence for 112 gold pieces
 16101 | D:11     | Found Bediw's Gadget Boutique.
 16124 | D:11     | Found Asius's Book Boutique.
 16129 | D:11     | Noticed a seven-headed hydra
 16144 | D:11     | Killed a seven-headed hydra
 16232 | D:11     | Noticed a boulder beetle
 16233 | D:11     | Noticed a two-headed ogre
 16243 | D:11     | Killed a boulder beetle
 16243 | D:11     | Reached XP level 12. HP: 89/89 MP: 9/24
 16263 | D:11     | Killed a two-headed ogre
 16473 | D:11     | Found Xurphokin's Distillery.
 16487 | D:11     | Bought a potion of mutation for 112 gold pieces
 16487 | D:11     | Bought a potion of invisibility for 112 gold pieces
 16487 | D:11     | Bought a potion of curing for 42 gold pieces
 17362 | D:11     | Noticed a five-headed hydra
 17374 | D:11     | Killed a five-headed hydra
 17524 | D:12     | HP: 3/91 [slime creature (4)]
 18072 | Lair:1   | Entered Level 1 of the Lair of Beasts
 18964 | Lair:1   | Reached ***** piety under Sif Muna
 19158 | Lair:1   | Reached XP level 13. HP: 98/98 MP: 22/26
 20907 | Lair:2   | Found a staircase to the Shoals.
 21227 | Lair:3   | Found a runed translucent gate.
 21227 | Lair:3   | Found a runed translucent gate.
 21227 | Lair:3   | Found a runed translucent gate.
 21299 | Lair:3   | Reached skill level 10 in Conjurations
 21326 | Lair:2   | Slain by a black mamba

Illustrated notes

Levels and vault maps discovered:
D:1:      dpeg_arrival_tiny_c, layout_basic, minmay_circled_x
D:2:      layout_basic, uniq_robin, uniq_crazy_yiuf_cottage
D:3:      layout_rooms, overflow_temple_1_default,
          chequers_ecumenical_altar_island, nrook_mini_backslash, uniq_natasha,
          uniq_grinder
D:4:      layout_basic, chequers_temple_overflow_minitemple,
          minmay_temple_entry_mini_moons, portal_sewer_entry_f, uniq_eustachio
D:5:      layout_cave_pools, minmay_fire_ice_demons, uniq_ijyb
D:6:      layout_cave_pods, enter_ossuary_4
D:7:      minmay_opposing_rooms, layout_loops_ring, uniq_pikel
D:8:      layout_loops_ring
D:9:      layout_roguey, minmay_lair_entry_grove, chequers_serial_rivers_small_b
D:10:     kennysheep_windowed_halls, layout_cross, hiddenorc1_lemuel
D:11:     layout_grid_maze, serial_shops, shop_statue, shop,
          nicolae_shop_waterfront, shop, shop
D:12:     layout_roguey, gammafunk_ghost_abyssal_escape, serial_shops,
          shop_statue, nicolae_wand_duel, kennysheep_small_square
Lair:1:   layout_gridlike, grunt_megastairs_1
Lair:2:   layout_gridlike, minmay_shoals_entry_centaurs
Lair:3:   layout_cave_pods, dummy_snake_entry, gammafunk_ghost_icy,
          serial_bayou_pond_c, grunt_megastairs_4, serial_bayou_shore_b,
          lemuel_fruit_tree

Skill      XL: |  1  2  3  4  5  6  7  8  9 10 11 12 13 |
---------------+----------------------------------------+-----
Spellcasting   | 5 6 7 8 9 |  9.8
Invocations    | 1 2 3 4 5 6 7 8 9 |  9.2
Fighting       | 1 2 3 4 5 6 7 8 |  8.4
Short Blades   | 1 2 3 4 5 6 7 8 |  8.4
Long Blades    | 1 2 3 4 5 6 7 8 |  8.4
Axes           | 1 2 3 4 5 6 7 8 |  8.4
Maces & Flails | 1 2 3 4 5 6 7 8 |  8.4
Polearms       | 1 2 3 4 5 6 7 8 |  8.4
Staves         | 1 2 3 4 5 6 7 8 |  8.4
Slings         | 1 2 3 4 5 6 7 8 |  8.4
Bows           | 1 2 3 4 5 6 7 8 |  8.4
Crossbows      | 1 2 3 4 5 6 7 8 |  8.4
Throwing       | 1 2 3 4 5 6 7 8 |  8.4
Armour         | 1 2 3 4 5 6 7 8 |  8.4
Shields        | 1 2 3 4 5 6 7 8 |  8.4
Unarmed Combat | 1 2 3 4 5 6 7 8 |  8.4
Evocations     | 1 2 3 4 5 6 7 8 |  8.4
Hexes          | 1 2 3 4 5 6 7 |  7.0
Summonings     | 1 2 3 4 5 6 7 |  7.0
Necromancy     | 1 2 3 4 5 6 7 |  7.0
Translocations | 1 2 3 4 5 6 7 |  7.0
Transmutations | 1 2 3 4 5 6 7 |  7.0
Fire Magic     | 1 2 3 4 5 6 7 |  7.0
Ice Magic      | 1 2 3 4 5 6 7 |  7.0
Air Magic      | 1 2 3 4 5 6 7 |  7.0
Earth Magic    | 1 2 3 4 5 6 7 |  7.0
Poison Magic   | 1 2 3 4 5 6 7 |  7.0
Dodging        | 5 6 7 8 9 |  9.6
Stealth        | 5 6 7 8 9 |  9.4
Conjurations   | 8 9 10 | 10.0

Action                   |  1- 3 |  4- 6 |  7- 9 | 10-12 | 13-15 || total
-------------------------+-------+-------+-------+-------+-------++-------
Melee: Unarmed           |     8 |       |       |       |       ||     8
       Bite              |     4 |     3 |     9 |    17 |       ||    33
       Flail             |    16 |       |       |       |       ||    16
       Whip              |       |    21 |    16 |       |       ||    37
       Dagger            |       |       |    74 |     3 |       ||    77
       Punch             |       |       |     1 |       |       ||     1
       Great sword       |       |       |       |    94 |       ||    94
       Staff             |       |       |       |       |     2 ||     2
 Cast: Magic Dart        |    53 |    10 |     7 |     3 |       ||    73
       Searing Ray       |       |    23 |    39 |    61 |    19 ||   142
       Fulminant Prism   |       |     9 |    57 |   168 |    39 ||   273
       Iskenderun's Myst |       |       |     1 |     2 |       ||     3
       Wereblood         |       |       |     1 |       |       ||     1
       Frozen Ramparts   |       |       |       |     2 |     5 ||     7
Invok: Channel Magic     |       |       |     3 |     5 |     4 ||    12
  Use: Potion            |     1 |     3 |     2 |     2 |     1 ||     9
       Scroll            |       |     6 |     8 |     7 |     1 ||    22
 Stab: Sleeping          |     1 |       |       |     3 |       ||     4
Armor: Robe              |     5 |    10 |    11 |    25 |     6 ||    57
Dodge: Dodged            |    29 |    34 |   101 |   229 |    42 ||   435
       Repelled          |       |       |     1 |     2 |       ||     3
       Rpst.: Great sword |       |       |       |    50 |       ||    50

Table legend: (Time is in decaauts)
 A = Elapsed time spent in this place.
 B = Non-inter-level travel time spent in this place.
 C = Inter-level travel time spent in this place.
 D = Time resting spent in this place.
 E = Time spent auto-exploring this place.
 F = Levels seen in this place.
 G = Mean time per level.
                   A        B        C        D        E       F      G
               +--------+--------+--------+--------+--------+-----+--------+
         Total |  21392 |  20546 |    846 |   5464 |  12003 |  16 | 1337.0 |
       Dungeon |  17361 |  16583 |    778 |   4069 |   9972 |  12 | 1446.8 |
          Lair |   3256 |   3188 |     68 |    948 |   1813 |   3 | 1085.3 |
       Ossuary |    775 |    775 |      0 |    447 |    218 |   1 |  775.0 |
               +--------+--------+--------+--------+--------+-----+--------+

Top non-repeatable levels by time:
     D:9: 2534 daAuts
    D:11: 2084 daAuts
    D:10: 2053 daAuts
  Lair:1: 1882 daAuts
     D:2: 1695 daAuts
     D:4: 1648 daAuts
     D:6: 1430 daAuts
     D:1: 1336 daAuts
  Lair:2: 1284 daAuts
     D:7: 1240 daAuts
     D:8: 1140 daAuts
     D:5: 1121 daAuts
     D:3: 1010 daAuts
 Ossuary: 775 daAuts
  Lair:3: 88 daAuts
